 Dungeon Crawl Stone Soup version 0.20-a0-795-ga03948b (webtiles) character file.

231 Alarkh the Slasher (level 5, -3/42 HPs)
             Began as a Demonspawn Monk on Mar 2, 2017.
             Slain by Duvessa
             ... wielding a +0 rapier
              (13 damage)
             ... on level 4 of the Dungeon.
             The game lasted 00:03:31 (3702 turns).

Alarkh the Slasher (Demonspawn Monk)                Turns: 3702, Time: 00:03:32

Health: -3/42      AC:  0    Str: 11      XL:     5   Next: 72%
Magic:  5/5        EV: 16    Int: 13      God:
Gold:   159        SH:  0    Dex: 14 (15) Spells: 4/4 levels left

rFire    + . .     SeeInvis .   (weapon currently unavailable)
rCold    + . .     Gourm    +   (armour currently unavailable)
rNeg     . . .     Faith    .   (shield currently unavailable)
rPois    +         Spirit   .   (helmet currently unavailable)
rElec    +         Reflect  .   (cloak currently unavailable)
rCorr    +         Harm     .   (gloves currently unavailable)
MR       .....                  (boots currently unavailable)
Stlth    ++........             f - amulet of the gourmand
Regen    0.2/turn               (ring currently unavailable)
MPRegen  0.1/turn               (ring currently unavailable)

@: pig-form, resistant, very slightly contaminated, hasted, very quick
A: (icy blue scales 0), powered by pain 1
a: no special abilities


You were on level 4 of the Dungeon.
You were very full.
You were a filthy swine.
You visited 1 branch of the dungeon, and saw 4 of its levels.

You collected 159 gold pieces.

Inventory:

Hand Weapons
 a - a +0 falchion (melded)
Armour
 b - a +0 robe (melded)
 n - a +0 helmet
 q - a +2 helmet (melded)
Jewellery
 f - an amulet of the gourmand (around neck)
 j - a +5 ring of strength (melded)
Scrolls
 d - a scroll of fog {unknown}
 e - a scroll of identify
 g - a scroll of blinking {unknown}
 h - a scroll of enchant weapon {unknown}
 k - 2 scrolls of enchant armour {unknown}
 m - a scroll of teleportation {unknown}
 t - a scroll of noise {unknown}
 v - a scroll of amnesia {unknown}
Potions
 l - a potion of brilliance
 p - 3 potions of curing
Comestibles
 c - 4 bread rations
 r - a meat ration


   Skills:
 + Level 4.0 Fighting
 * Level 4.5 Long Blades
 + Level 3.9 Dodging
 - Level 1.7 Stealth


You had 4 spell levels left.
You didn't know any spells.

Dungeon Overview and Level Annotations

Branches:
Dungeon (4/15)
 Temple: D:4-7

Altars:

Annotations:
D:4 Dowan, Duvessa


Innate Abilities, Weirdness & Mutations

((You are partially covered in icy blue scales. (AC +2)))
You sometimes gain a little power by taking damage.


Message History

Unknown command.
You feel much better. Dowan casts a spell at you. The puff of frost hits you!
You resist.
Duvessa zaps a wand.
You feel yourself speed up. Dowan gestures at you while chanting.
The puff of flame hits you! You resist. Duvessa hits you with a rapier!
You are very lightly contaminated with residual magic.
You hit Duvessa.
Duvessa is moderately wounded.
Dowan closely misses you. Duvessa hits you with a rapier.
* * * LOW HITPOINT WARNING * * *
You hit Duvessa.
Duvessa is moderately wounded.
Dowan hits you with a dagger.
* * * LOW HITPOINT WARNING * * *
You hit Duvessa.
Duvessa is heavily wounded.
Duvessa hits you with a rapier!
You die...

#.#.##.# #...####
##.#.##.########
##......
#...............
#......#
#....###.#######
#......#####.#..# #.#
#.!....#.......># #.#
#......#.###.#### #(#
#......#.#..e######.#
#..).!.#.#.#he....#.#
####.e.#.#...#.##.#.#
#.e.#.###.# .# #.#
#...#.# ... ..#.#
####...#.# ... .#.#
..........###.## ..#
########..# #.. #.#
#..##########.#
#.....e.......#


You could see Duvessa and Dowan.

Vanquished Creatures
  A centaur (D:3)
  An iguana (D:4)
  5 adders
  2 worms (D:3)
  A dart slug (D:2)
  A leopard gecko (D:1)
  5 orcs
  10 bats
  A giant cockroach (D:1)
  12 goblins
  11 hobgoblins
  5 frilled lizards
  5 kobolds
  3 rats
63 creatures vanquished.

Notes
Turn   | Place    | Note
-------+----------+-------------------------------------------
     0 | D:1      | Alarkh the Demonspawn Monk began the quest for the Orb.
     0 | D:1      | Reached XP level 1. HP: 18/18 MP: 1/1
   362 | D:1      | Gained mutation: You sometimes gain a little power by taking damage. [demonic ancestry]
   362 | D:1      | Reached XP level 2. HP: 24/24 MP: 2/2
  1318 | D:2      | Gained mutation: You are partially covered in icy blue scales. (AC +2) [demonic ancestry]
  1318 | D:2      | Reached XP level 3. HP: 27/29 MP: 3/3
  2348 | D:3      | Reached XP level 4. HP: 35/35 MP: 4/4
  2692 | D:3      | Noticed a centaur
  2711 | D:3      | Killed a centaur
  2711 | D:3      | Reached XP level 5. HP: 10/42 MP: 5/5
  3628 | D:4      | Noticed Duvessa
  3634 | D:4      | Noticed Dowan
  3702 | D:4      | Slain by Duvessa

Vault maps used:
D:1:      matt_arrival_refuge, serial_bayou_crossing
D:2:      first_bread, minmay_close_crescents
D:3:      st_stairs_4
D:4:      zin_statuary, uniq_duvessa

Skill      XL: |  1  2  3  4  5 |
---------------+----------------+-----
Long Blades    | 3 4 |  4.5
Dodging        | 3 |  3.9
Fighting       | 4 |  4.0
Stealth        | |  1.7

Action                   |  1- 3 |  4- 6 || total
-------------------------+-------+-------++-------
Melee: Falchion          |   135 |    86 ||   221
       Unarmed           |       |     9 ||     9
  Use: Scroll            |     2 |     1 ||     3
       Potion            |     1 |     6 ||     7
 Stab: Sleeping          |     4 |     3 ||     7
       Invisible         |       |     3 ||     3
  Eat: Chunk             |    15 |     4 ||    19
Armor: Robe              |    38 |    19 ||    57
Dodge: Dodged            |    97 |    80 ||   177
       Rpst.: Falchion   |    28 |    28 ||    56
